Map: Ever Dream LE

Players

SkrOs

  • Race: Protoss Protoss
  • League: Grandmaster
  • Spawn Location: 7:00

ExehnTV - Winner!

  • Race: Protoss Protoss
  • League: Master
  • Spawn Location: 1:00

VOD

https://www.youtube.com/watch?v=Oc5wrQXU_iA

Description

PvP / PvT Proxy Void

Time

  • Played on: Aug. 22, 2020, 6 p.m.
  • Length: 5:48
Show
View Real Time Build Order
Export as new Build Order

SkrOs Protoss 

Build Orders:  

Get SALT Encoding   

  12  0:01  Probe  
  13  0:13  Probe  
  14  0:17  Pylon  
  14  0:26  Probe (Chrono Boost)  
  16  0:37  Probe (Chrono Boost), Gateway  
  16  0:41  Probe (Chrono Boost)  
  16  0:49  Assimilator  
  17  0:52  Probe  
  17  0:56  Assimilator  
  18  1:04  Probe (Chrono Boost)  
  19  1:16  Probe (Chrono Boost)  
  20  1:19  Gateway  
  20  1:21  Probe (Chrono Boost)  
  21  1:25  Cybernetics Core  
  21  1:33  Pylon  
  21  1:35  Probe  
  22  1:41  Pylon  
  22  1:47  Probe  
  23  2:00  Probe  
  24  2:06  Stalker  
  24  2:07  Stalker  
  28  2:12  Probe  
  29  2:25  Probe  
  30  2:36  Stalker  
  30  2:37  Stalker  
  34  2:48  Probe  
  35  3:01  Nexus  
  35  3:18  Pylon  
  35  3:20  Nexus  
  35  3:28  Pylon  
  35  3:32  Pylon x2  
  35  3:42  Pylon  
  32  3:50  Pylon  
  27  4:24  Gateway  
  27  4:25  Gateway  
  27  4:40  Assimilator  
  27  4:47  Cybernetics Core  
  31  5:35  Probe  
Show
View Real Time Build Order
Export as new Build Order

ExehnTV Protoss - Winner!

Build Orders: Proxy Void Ray 

Get SALT Encoding   

  12  0:10  Pylon  
  12  0:13  Probe  
  14  0:30  Gateway  
  14  0:32  Probe (Chrono Boost)  
  14  0:41  Probe (Chrono Boost)  
  14  0:42  Assimilator  
  15  0:46  Probe (Chrono Boost)  
  16  0:51  Assimilator  
  16  0:58  Probe  
  17  1:13  Probe  
  17  1:18  Cybernetics Core  
  18  1:25  Probe  
  19  1:27  Pylon  
  19  1:38  Probe  
  20  1:55  Stargate  
  22  2:02  Stalker  
  22  2:04  Probe  
  22  2:07  Shield Battery  
  23  2:16  Probe  
  24  2:28  Probe  
  24  2:29  Void Ray (Chrono Boost)  
  25  2:40  Pylon  
  25  2:44  Shield Battery  
  29  2:56  Void Ray (Chrono Boost)  
  33  3:19  Shield Battery  
  33  3:22  Pylon  
  33  3:25  Void Ray (Chrono Boost)  
  37  3:47  Shield Battery  
  37  3:50  Pylon  
  37  3:59  Pylon  
  37  4:02  Void Ray  
  41  4:32  Gateway  
  41  4:35  Cybernetics Core  
  41  4:40  Void Ray  
  40  5:35  Probe  
Tags
 
Add a new tag
Caveats
  • Supply blocks, unpowered buildings, or Contaminate may cause inaccurate times.
  • Supply counts are checked every 10 seconds.